 Dungeon Crawl Stone Soup version 0.20.1-1-g8b1a95d (webtiles) character file.

115349 vatarom the Envoy of Void (level 16, -3/141 HPs)
             Began as a Demonspawn Abyssal Knight on Sept 26, 2017.
             Was a High Priest of Lugonu.
             Killed from afar by a shock serpent (20 damage)
             ... with a bolt of electricity
             ... on level 2 of the Snake Pit.
             The game lasted 01:36:01 (26151 turns).

vatarom the Envoy of Void (DsAK)                   Turns: 26151, Time: 01:36:02

Health: -3/141     AC: 13    Str: 12    XL:     16   Next: 18%
Magic:  25/27      EV: 18    Int: 15    God:    Lugonu [*****.]
Gold:   549        SH: 20    Dex: 17    Spells: 15/15 levels left

rFire    + . .     SeeInvis +   x - +5 demon blade (slice)
rCold    + . .     Gourm    .   k - +2 buckler
rNeg     + + +     Faith    .   D - +2 ring mail {MR+}
rPois    +         Spirit   .   (helmet unavailable)
rElec    .         Reflect  +   g - scarf {rC+ rF+}
rCorr    +         Harm     .   U - +2 pair of gloves of Tepn {+Inv rPois rCorr Str-2}
MR       +++..     Clarity  +   I - +0 pair of boots of Keyfay {+Blink rN++}
Stlth    +.........             W - +4 amulet of reflection
Regen    0.8/turn               i - ring of positive energy
MPRegen  0.2/turn               p - ring of protection from magic

@: very slightly contaminated
A: antennae 3, large bone plates 3, clarity, regeneration 1, robust 1, spiny 3,
wild magic 2, evolution 1
a: Depart the Abyss, Bend Space, Banish, Corrupt, Enter the Abyss, Renounce
Religion, Evoke Blink, Evoke Invisibility


You were on level 2 of the Snake Pit.
You worshipped Lugonu.
Lugonu was extremely pleased with you.
You were not hungry.

You visited 6 branches of the dungeon, and saw 27 of its levels.
You visited the Abyss 2 times.
You also visited: Ossuary and Ice Cave.

You collected 2145 gold pieces.
You spent 1596 gold pieces at shops.

Inventory:

Hand Weapons
 t - a +4 scimitar of freezing
 x - a +5 demon blade of slicing (weapon)
Missiles
 H - 6 javelins of returning (quivered)
Armour
 g - a scarf of resistance (worn)
 k - a +2 buckler (worn)
 D - a +2 ring mail of magic resistance (worn)
 I - the +0 pair of boots of Keyfay (worn) {+Blink rN++}
   (You found it in an ice cave)

   It greatly protects you from negative energy.
   It lets you blink.
 U - the +2 pair of gloves of Tepn (worn) {+Inv rPois rCorr Str-2}
   (You bought it in a shop on level 11 of the Dungeon)

   It affects your strength (-2).
   It protects you from poison.
   It lets you turn invisible.
   It protects you from acid and corrosion.
Jewellery
 i - a ring of positive energy (left hand)
 p - a ring of protection from magic (right hand)
 A - an uncursed amulet of regeneration
 S - a +4 ring of strength
 W - a +4 amulet of reflection (around neck)
 X - an uncursed ring of poison resistance
Wands
 m - a wand of confusion (22/48)
 y - a wand of disintegration (8/24)
 E - a wand of paralysis (11/24)
 J - a wand of lightning (8/15)
 K - a wand of acid (7/15)
 M - a wand of confusion (21/48)
 N - a wand of random effects (30/48)
 O - a wand of lightning (7/15)
 T - a wand of paralysis (12/24)
 V - a wand of flame (21/48)
Scrolls
 d - 2 scrolls of fog
 e - 7 scrolls of remove curse
 h - 14 scrolls of teleportation
 o - 2 scrolls of vulnerability
 s - a scroll of blinking
 v - 10 scrolls of amnesia
 B - 8 scrolls of fear
 P - 4 scrolls of recharging
 Y - 2 scrolls of enchant weapon
Potions
 a - 5 potions of haste
 b - a potion of berserk rage
 j - 5 potions of curing
 n - 3 potions of mutation
 q - 3 potions of lignification
 r - a potion of agility
 u - 7 potions of brilliance
 w - a potion of ambrosia
 z - 2 potions of flight
 C - 2 potions of might
 F - 2 potions of cancellation
 Q - 2 potions of resistance
 R - 2 potions of invisibility
Books
 L - a book of Callings

   Spells                             Type                      Level
   a - Summon Small Mammal            Summoning                    1
   b - Call Imp                       Summoning                    2
   c - Call Canine Familiar           Summoning                    3
   d - Summon Guardian Golem          Hexes/Summoning              3
   e - Summon Lightning Spire         Summoning/Air                4
   f - Summon Ice Beast               Ice/Summoning                4
Comestibles
 c - 3 bread rations
 f - 11 meat rations
 l - 10 royal jellies
 G - 17 fruits
 Z - 2 chunks of flesh


   Skills:
 + Level 12.7 Fighting
 - Level 14.7 Long Blades
 - Level 8.4 Armour
 - Level 11.2 Dodging
 * Level 5.3 Shields
 + Level 15.7 Invocations
 * Level 6.9 Evocations


You had 15 spell levels left.
You didn't know any spells.

Dungeon Overview and Level Annotations

Branches:
Dungeon (15/15)            Temple (1/1) D:7            Lair (6/6) D:8
 Shoals (0/4) Lair:4        Snake (2/4) Lair:2        Slime (0/5) Lair:5
    Orc (2/2) D:10            Elf (1/3) Orc:2        Vaults (0/5) D:13
 Depths (0/5) D:15

Altars:
Ashenzari
Cheibriados
Dithmenos
Elyvilon
Fedhas
Gozag
Hepliaklqana
Kikubaaqudgha
Makhleb
Nemelex Xobeh
Okawaru
Qazlal
Ru
Sif Muna
Trog
Uskayaw
Vehumet
Xom
Yredelemnul
Zin
The Shining One
Beogh
Jiyva

Shops:
D:11 *[(%   D:12 *   Orc:2 [:*(   Snake:1 =}=

Portals:
Trove: D:12 (give 2 scrolls of acquirement)

Annotations:
D:3 Frank's ghost, amateur OpFi
D:15 exclusion: Roxanne, Roxanne
Lair:6 corrupted
Abyss:1 Gastronok


Innate Abilities, Weirdness & Mutations

You have a pair of large antennae on your head. (SInv)
You are completely covered in large bone plates. (SH +8)
You are completely covered in sharp spines.
You possess an exceptional clarity of mind.
Your natural rate of healing is unusually fast.
You are robust. (+10% HP)
Your spells are harder to cast, but more powerful.
You evolve.


Message History

You feel better.
The shock serpent is struck by your spines.
The shock serpent bites you!
* * * LOW HITPOINT WARNING * * *
The shock serpent shocks you!
* * * LOW HITPOINT WARNING * * *
The shock serpent's electric aura discharges, shocking you!
* * * LOW HITPOINT WARNING * * *
The shock serpent bites you!
* * * LOW HITPOINT WARNING * * *
The shock serpent shocks you!
* * * LOW HITPOINT WARNING * * *
Blink to where?
Press: ? - help, Dir - move target cursor You are very lightly contaminated with residual magic.
As you read the scroll of blinking, it crumbles to dust.
You feel better.
The shock serpent shoots out a bolt of lightning at you!
The bolt of electricity hits you!
You die...

#.##.#####.##.# {
#.##.##.§)....#
#.##.##S#####.# {
#.##.#...# #
#.##.....####.#
#.###....≈≈P≈PP #.#
#.....P≈PP≈ #.#
##....PPP≈≈≈≈≈≈PP♣♣
#.#
#.@.P≈P≈≈≈≈≈≈≈≈≈≈♣
#.#
#....≈≈P≈≈≈≈≈≈≈≈≈♣
#.#
#....≈≈≈P≈≈≈≈≈≈≈P♣
#.#
#...≈≈P≈≈≈≈≈≈≈≈≈≈♣
#.# #....≈≈PP≈≈≈≈≈≈≈♣
#.# #...≈≈≈≈≈P≈≈≈≈≈♣
#.# #...≈≈PP≈≈≈≈≈≈≈♣
#.####...≈≈≈≈P≈PP≈♣♣♣
#..............♣♣♣♣


You could see a shock serpent.

Vanquished Creatures
  A nagaraja (Snake:2)
  Nessos (D:14)
  A dire elephant (D:15)
  The ghost of kae the Spear-Bearer, a journeyman NaFi of Makhleb (D:11)
  Josephine (D:15)
  4 naga warriors
  2 vault guards
  Erica (D:9)
  3 centaur warriors
  5 two-headed ogres
  5 anacondas
  The ghost of Exporg the Blocker, a novice MiFi of Okawaru (D:10)
  2 death yaks (Lair:3)
  2 dancing weapons (Elf:1)
  4 orc high priests (Orc:2)
  3 shock serpents (Snake:1)
  Urug (D:15)
  A naga sharpshooter (Snake:1)
  A tengu warrior (D:14)
  Sonja (D:11)
  3 large abominations (Abyss:1)
  A salamander mystic (Snake:2)
  3 naga ritualists (Snake:1)
  2 unseen horrors
  3 wizards (D:13)
  A sea snake (Snake:2)
  4 orc knights
  4 cyclopes
  11 mana vipers
  A wolf spider (Lair:6)
  4 deep elf magi
  4 salamanders
  3 orc sorcerers (Orc:2)
  A manticore (D:11)
  13 ugly things
  A worldbinder (Abyss:1)
  18 black mambas
  4 ice statues (IceCv)
  3 naga magi (Snake:1)
  2 elephants (Lair:6)
  2 gargoyles
  6 spiny frogs
  2 rime drakes (Lair:6)
  8 komodo dragons
  A yaktaur (D:13)
  A kobold demonologist (D:8)
  5 ice devils (IceCv)
  11 trolls
  4 hornets
  24 slime creatures
  A snapping turtle (Lair:4)
  6 hippogriffs
  2 redbacks (Lair:6)
  2 hogs (D:7)
  13 wyverns
  5 wraiths
  3 basilisks
  13 yaks
  21 humans
  2 hungry ghosts
  A golden eye (shapeshifter) (D:10)
  8 vampire mosquitoes
  3 steam dragons (D:9)
  A harpy simulacrum (D:13)
  6 wargs
  9 nagas
  2 acid dragons
  19 water moccasins
  A soldier ant (D:10)
  11 porcupines
  41 orc warriors
  4 ice beasts
  4 sky beasts
  6 black bears
  2 phantoms
  2 wolves (D:8)
  An eye of draining (D:15)
  10 ogres
  2 necrophages
  7 centaurs
  11 crocodiles
  19 bullfrogs
  5 big kobolds
  A wyvern zombie (D:10)
  6 scorpions
  4 water moccasin zombies (Ossuary)
  8 killer bees
  11 wights
  7 howler monkeys
  An electric eel (Snake:2)
  11 crimson imps
  2 centaur zombies
  6 jellies
  A quasit (D:11)
  4 draconian simulacra (IceCv)
  A bullfrog zombie (D:9)
  7 hounds
  32 orc priests
  23 orc wizards
  5 centaur skeletons
  3 iguanas
  9 worker ants
  2 troll simulacra (IceCv)
  4 big kobold zombies (Ossuary)
  A hound skeleton (D:9)
  3 mummies
  2 naga simulacra (IceCv)
  8 adders
  2 ogre simulacra (IceCv)
  2 shadow imps
  12 white imps
  7 adder zombies (Ossuary)
  2 worms
  3 dart slugs
  6 leopard geckos
  84 orcs
  11 bats
  2 giant cockroaches
  3 gnoll zombies (Ossuary)
  6 hobgoblins
  6 jackals
  5 quokkas
  2 ball pythons
  7 frilled lizards
  7 goblins
  8 hobgoblin zombies
  30 kobolds
  5 kobold zombies (Ossuary)
  4 orc zombies
  A quokka skeleton (D:4)
  3 rats
  2 plants
816 creatures vanquished.

Vanquished Creatures (others)
  An ettin (Orc:2)
  6 hydras
  A two-headed ogre (D:7)
  A deep elf knight (Elf:1)
  A deep elf archer (D:10)
  2 deep elf magi
  A necromancer (IceCv)
  A cyclops (D:11)
  4 elephants (Lair:6)
  A guardian serpent (Lair:6)
  3 black mambas (Lair:6)
  2 spiny frogs (Lair:6)
  A hornet (Lair:6)
  A vampire (D:15)
  A wyvern (Lair:6)
  2 yaks (D:7)
  A water moccasin (Lair:6)
  An orc warrior (D:15)
  A crocodile (Lair:6)
  An electric eel (Lair:4)
  7 fungi (Lair:6)
  14 plants
  2 starspawn tentacles (Lair:6)
56 creatures vanquished.

Grand Total: 872 creatures vanquished

Notes
Turn   | Place    | Note
-------+----------+-------------------------------------------
     0 | Abyss:1  | vatarom the Demonspawn Abyssal Knight began the quest for the Orb.
     0 | Abyss:1  | Reached XP level 1. HP: 18/18 MP: 2/2
    18 | D:1      | Escaped the Abyss
   127 | D:1      | Gained mutation: You are partially covered in sharp spines. [demonic ancestry]
   127 | D:1      | Reached XP level 2. HP: 14/24 MP: 3/3
   756 | D:2      | Reached skill level 1 in Dodging
   798 | D:2      | Gained mutation: You are partially covered in large bone plates. (SH +4) [demonic ancestry]
   798 | D:2      | Reached XP level 3. HP: 26/29 MP: 5/5
   898 | D:2      | Reached ** piety under Lugonu
  1104 | D:3      | Reached skill level 3 in Invocations
  1217 | D:3      | Noticed Frank's ghost (amateur OpFi)
  1830 | D:3      | Reached XP level 4. HP: 25/37 MP: 6/6
  1938 | D:3      | Gained mutation: Your spells are a little harder to cast, but a little more powerful. [potion of mutation]
  1938 | D:3      | Gained mutation: You evolve. [potion of mutation]
  2020 | D:4      | Reached XP level 5. HP: 22/42 MP: 7/7
  2031 | D:4      | Gained mutation: Your spells are harder to cast, but more powerful. [evolution]
  2342 | D:4      | Found a radiant altar of Vehumet.
  2425 | D:4      | Found a burning altar of Makhleb.
  2526 | D:4      | Gained mutation: You have a pair of small antennae on your head. [demonic ancestry]
  2526 | D:4      | Reached XP level 6. HP: 21/48 MP: 8/8
  2952 | D:5      | Entered Level 5 of the Dungeon
  2963 | D:5      | Reached skill level 4 in Invocations
  3044 | D:5      | Found a burning altar of Makhleb.
  3063 | D:5      | Reached *** piety under Lugonu
  3063 | D:5      | Gained mutation: You are mostly covered in large bone plates. (SH +6) [demonic ancestry]
  3063 | D:5      | Reached XP level 7. HP: 41/55 MP: 10/10
  3096 | D:5      | Found a sparkling altar of Nemelex Xobeh.
  3157 | D:5      | Found a sacrificial altar of Ru.
  3189 | D:5      | Reached skill level 5 in Invocations
  3414 | D:5      | Reached skill level 5 in Long Blades
  3544 | D:5      | Found a bloodstained altar of Trog.
  3685 | D:6      | Reached skill level 5 in Fighting
  3690 | D:6      | Gained mutation: You are mostly covered in sharp spines. [demonic ancestry]
  3690 | D:6      | Reached XP level 8. HP: 58/62 MP: 12/12
  4001 | D:6      | Reached skill level 6 in Invocations
  4044 | D:6      | Found a sand-covered staircase.
  4054 | Ossuary  | Entered an ossuary
  4152 | Ossuary  | Reached **** piety under Lugonu
  4371 | D:6      | Reached skill level 7 in Invocations
  4818 | D:7      | Reached XP level 9. HP: 47/69 MP: 14/14
  4939 | D:7      | Reached skill level 5 in Dodging
  5059 | D:7      | Found a staircase to the Ecumenical Temple.
  5071 | Temple   | Entered the Ecumenical Temple
  5447 | D:7      | Reached skill level 8 in Invocations
  6018 | D:7      | Noticed a deep elf mage
  6031 | D:7      | Banished a deep elf mage
  6302 | D:8      | Found a staircase to the Lair.
  6435 | D:7      | Noticed a two-headed ogre
  6436 | D:7      | Banished a two-headed ogre
  6447 | D:8      | Gained mutation: You are completely covered in large bone plates. (SH +8) [demonic ancestry]
  6447 | D:8      | Reached XP level 10. HP: 50/79 MP: 9/16
  6639 | D:8      | Reached skill level 9 in Invocations
  6942 | D:8      | Found a shimmering altar of Xom.
  7792 | D:4      | Gained mutation: You are robust. (+10% HP) [evolution]
  7872 | Lair:1   | Entered Level 1 of the Lair of Beasts
  7872 | Lair:1   | Found a basalt altar of Yredelemnul.
  7872 | Lair:1   | Noticed Gastronok
  7873 | Lair:1   | Banished Gastronok
  8008 | Lair:1   | Noticed a spiny frog
  8017 | Lair:1   | Reached skill level 10 in Invocations
  8023 | Lair:1   | Killed a spiny frog
  8023 | Lair:1   | Reached skill level 10 in Long Blades
  8023 | Lair:1   | Reached XP level 11. HP: 51/94 MP: 18/18
  8193 | Lair:1   | Identified a scroll of acquirement
  8294 | Lair:1   | Noticed a five-headed hydra
  8296 | Lair:1   | Banished a five-headed hydra
  8742 | Lair:2   | Noticed a four-headed hydra
  8744 | Lair:2   | Banished a four-headed hydra
  8895 | Lair:2   | Found a staircase to the Snake Pit.
  9201 | Lair:3   | Noticed a death yak
  9201 | Lair:3   | Noticed a death yak
  9201 | Lair:3   | Noticed a death yak
  9211 | Lair:2   | Banished a death yak
  9471 | Lair:3   | Killed a death yak
  9474 | Lair:3   | Killed a death yak
  9474 | Lair:3   | Reached skill level 11 in Invocations
 10595 | Lair:4   | Found a staircase to the Shoals.
 10912 | Lair:5   | Noticed a five-headed hydra
 10916 | Lair:5   | Banished a five-headed hydra
 10916 | Lair:5   | Gained mutation: You have a pair of antennae on your head. [demonic ancestry]
 10916 | Lair:5   | Reached XP level 12. HP: 98/104 MP: 18/20
 11101 | Lair:5   | Found a viscous altar of Jiyva.
 11102 | Lair:5   | Found a staircase to the Slime Pits.
 11163 | Lair:5   | Noticed a six-headed hydra
 11166 | Lair:5   | Banished a six-headed hydra
 11483 | Lair:6   | Entered Level 6 of the Lair of Beasts
 11681 | Lair:6   | Found a frozen archway.
 11806 | IceCv    | Entered an ice cave
 12328 | IceCv    | Reached ***** piety under Lugonu
 12543 | IceCv    | Reached skill level 5 in Armour
 12543 | IceCv    | Reached skill level 12 in Invocations
 12743 | IceCv    | Got a pair of slimy boots
 12754 | IceCv    | Identified the +0 pair of boots of Keyfay {+Blink rN++} (You found it in an ice cave)
 13254 | Lair:6   | Reached skill level 1 in Shields
 13317 | Lair:6   | Corrupted Lair:6
 13317 | Lair:6   | Noticed an Executioner
 13337 | Lair:6   | Noticed a tentacled starspawn
 13415 | Lair:6   | Noticed a lich
 13900 | Lair:6   | Reached skill level 10 in Fighting
 13906 | Lair:6   | Gained mutation: You are completely covered in sharp spines. [demonic ancestry]
 13906 | Lair:6   | Reached XP level 13. HP: 86/113 MP: 22/22
 14543 | D:9      | Gained mutation: Your muscles are strong. (Str +2) [evolution]
 14558 | D:9      | Noticed Erica
 14571 | D:9      | Killed Erica
 14749 | D:9      | Got a fine whip
 14751 | D:9      | Identified the +6 whip of Pepeaps {slash, +Inv rC+ Int-2 Dex+3} (You found it on level 9 of the Dungeon)
 15089 | D:10     | Entered Level 10 of the Dungeon
 15318 | D:10     | Found a staircase to the Orcish Mines.
 15573 | D:10     | Noticed Exporg's ghost (novice MiFi)
 15594 | D:10     | Killed Exporg's ghost
 16008 | D:11     | Found Douba's Food Boutique.
 16012 | D:11     | Found Toba's Antique Weapon Emporium.
 16079 | D:11     | Found Item's Assorted Antiques.
 16104 | D:11     | Noticed Sonja
 16146 | D:11     | Killed Sonja
 16474 | D:11     | Noticed kae's ghost (journeyman NaFi)
 16487 | D:11     | Killed kae's ghost
 16625 | D:11     | Found Xytyuf's Antique Armour Emporium.
 16633 | D:11     | Bought a pair of heavily runed gloves for 275 gold pieces
 16633 | D:11     | Bought a warped buckler for 275 gold pieces
 16633 | D:11     | Identified the +2 pair of gloves of Tepn {+Inv rPois rCorr Str-2} (You bought it in a shop on level 11 of the Dungeon)
 16634 | D:11     | Identified the +0 buckler of Unambiguity {Regen+ rCorr Str-5 Stlth+} (You bought it in a shop on level 11 of the Dungeon)
 16673 | D:11     | Bought a scorched chain mail for 275 gold pieces
 16673 | D:11     | Identified the +3 chain mail of Ennui {MR+ Stlth+} (You bought it in a shop on level 11 of the Dungeon)
 16774 | D:11     | Reached skill level 13 in Invocations
 16889 | D:12     | Reached skill level 5 in Shields
 16921 | D:12     | Found Xuuh's Assorted Antiques.
 16930 | D:12     | Bought a scroll of teleportation for 66 gold pieces
 16930 | D:12     | Bought a scroll of teleportation for 66 gold pieces
 16936 | D:12     | Found a sacrificial altar of Ru.
 17123 | D:12     | Found a portal to a secret trove of treasure.
 17942 | D:13     | Gained mutation: You have a pair of large antennae on your head. (SInv) [demonic ancestry]
 17942 | D:13     | Reached XP level 14. HP: 122/122 MP: 23/23
 18203 | D:13     | Reached ****** piety under Lugonu
 18273 | D:13     | Found a gate to the Vaults.
 18571 | D:13     | Lost mutation: Your muscles are strong. (Str +2) [evolution]
 18780 | D:14     | Noticed Nessos
 18803 | D:14     | Killed Nessos
 19091 | D:14     | Reached skill level 10 in Dodging
 19159 | D:14     | Found a shadowy altar of Dithmenos.
 19190 | D:14     | Got a scintillating steel ring
 19198 | D:14     | Identified the ring of Curiosity {rCorr rPois Str+4 Dex-4} (You found it on level 14 of the Dungeon)
 19571 | D:15     | Entered Level 15 of the Dungeon
 19592 | D:14     | Gained mutation: You possess an exceptional clarity of mind. [evolution]
 19805 | D:15     | Noticed Josephine
 19817 | D:15     | Killed Josephine
 19998 | D:15     | Noticed Roxanne
 20118 | D:15     | Noticed Urug
 20128 | D:15     | Killed Urug
 20295 | D:15     | Reached skill level 14 in Invocations
 20538 | D:15     | Found a staircase to the Depths.
 20715 | D:15     | Reached XP level 15. HP: 59/130 MP: 25/25
 20970 | D:15     | Found a stormy altar of Qazlal.
 21187 | Orc:1    | Entered Level 1 of the Orcish Mines
 21377 | Orc:2    | Entered Level 2 of the Orcish Mines
 21937 | Orc:2    | Found a staircase to the Elven Halls.
 22183 | Orc:2    | Noticed an orc warlord
 22467 | Orc:2    | Found a roughly hewn altar of Beogh.
 22561 | Orc:2    | Found Recuab's Antique Weapon Boutique.
 22604 | Orc:2    | Found Git Xyit's General Store.
 22721 | Orc:2    | Banished an orc warlord
 22876 | Orc:2    | Found a roughly hewn altar of Beogh.
 22896 | Orc:2    | Found Nuovig's Antique Armour Boutique.
 22906 | Orc:2    | Bought a jewelled scale mail for 234 gold pieces
 22916 | Orc:2    | Identified the +4 scale mail "Hecozair" {-Cast -Tele rC+++ Regen+} (You bought it in a shop on level 2 of the Orcish Mines)
 22951 | Orc:2    | Found Leutwa's Book Emporium.
 23448 | Elf:1    | Entered Level 1 of the Elven Halls
 23451 | Elf:1    | Reached skill level 1 in Evocations
 23679 | Elf:1    | Escaped the Abyss
 23974 | Snake:1  | Entered Level 1 of the Snake Pit
 24406 | Snake:1  | Reached skill level 15 in Invocations
 24757 | Snake:1  | Reached skill level 5 in Evocations
 24789 | Snake:1  | Gained mutation: Your natural rate of healing is unusually fast. [evolution]
 25039 | Snake:1  | Found Nypeon's Jewellery Emporium.
 25039 | Snake:1  | Found Ihich's Gadget Boutique.
 25044 | Snake:1  | Found Couheg's Jewellery Emporium.
 25101 | Snake:1  | Bought a +4 amulet of reflection for 405 gold pieces
 25170 | Snake:1  | Reached XP level 16. HP: 127/141 MP: 19/27
 26149 | Snake:2  | HP: 7/141 [shock serpent (13)]
 26151 | Snake:2  | Killed from afar by a shock serpent

Skill      XL: |  1  2  3  4  5  6  7  8  9 10 11 12 13 14 15 |
---------------+----------------------------------------------+-----
Armour         | 2 4 5 7 8 |  8.4
Long Blades    | 2 3 4 5 6 8 10 11 12 13 14 | 14.7
Dodging        | 1 2 3 4 6 7 8 9 10 11 | 11.2
Invocations    | 3 4 5 7 8 10 11 12 13 14 15 | 15.7
Fighting       | 4 5 6 7 8 9 10 11 12 | 12.7
Shields        | 2 5 |  5.3
Evocations     | 6 |  6.9

Action                   |  1- 3 |  4- 6 |  7- 9 | 10-12 | 13-15 | 16-18 || total
-------------------------+-------+-------+-------+-------+-------+-------++-------
Melee: Falchion          |    84 |    35 |       |       |       |       ||   119
       Long sword        |       |    27 |       |       |       |       ||    27
       Scimitar          |       |    32 |   306 |   264 |       |       ||   602
       Demon blade       |       |       |       |   390 |  1797 |   131 ||  2318
Invok: Banish            |       |       |     7 |     9 |    15 |     1 ||    32
       Bend Space        |       |       |       |     2 |     1 |       ||     3
       Corrupt           |       |       |       |     1 |       |       ||     1
       Depart the Abyss  |       |       |       |       |     1 |       ||     1
       Enter the Abyss   |       |       |       |       |     1 |       ||     1
Evoke: Wand              |       |       |       |     4 |     1 |       ||     5
  Use: Scroll            |     7 |     4 |     2 |    29 |    19 |     1 ||    62
       Potion            |     7 |     4 |     3 |    13 |     8 |     3 ||    38
 Stab: Distracted        |       |     1 |       |       |       |       ||     1
       Paralysed         |       |       |     1 |       |       |       ||     1
       Invisible         |       |       |       |     5 |       |       ||     5
       Sleeping          |       |       |       |    11 |     3 |       ||    14
  Eat: Bread ration      |     1 |       |     2 |     4 |     7 |       ||    14
       Chunk             |       |     2 |     6 |     4 |    16 |       ||    28
       Royal jelly       |       |       |     1 |       |       |       ||     1
       Meat ration       |       |       |       |     1 |     1 |       ||     2
Armor: Leather armour    |    28 |    23 |    57 |    78 |       |       ||   186
       Ring mail         |       |       |       |    10 |   188 |     3 ||   201
Dodge: Dodged            |    45 |    49 |   176 |   301 |   493 |    23 ||  1087
Block: Other             |     9 |    18 |    77 |   162 |       |       ||   266
       Buckler           |       |       |       |    46 |   876 |    71 ||   993
       Reflection        |       |       |       |       |       |     7 ||     7
       Rpst.: Falchion   |    20 |     4 |       |       |       |       ||    24
       Long sword        |       |     3 |       |       |       |       ||     3
       Scimitar          |       |    10 |    51 |    42 |       |       ||   103
       Demon blade       |       |       |       |    54 |   134 |     5 ||   193
